 Dungeon Crawl Stone Soup version 0.30-a0-722-g3e6e8c874d (webtiles) character file.

Game seed: 8348492856030791880

56675 PyroL the Brawler (level 14, -20/148 HPs)
             Began as a Troll Fighter on Jan 27, 2023.
             Was a High Priest of Okawaru.
             Demolished by a minotaur
             ... wielding a +0 quick blade
              (53 damage)
             ... in a Gauntlet on Jan 28, 2023.
             The game lasted 00:57:35 (20388 turns).

PyroL the Brawler (Troll Fighter)                  Turns: 20388, Time: 00:57:35

Health: -20/148    AC: 11    Str: 34    XL:     14   Next: 42%
Magic:  20/20      EV: 18    Int:  4    God:    Okawaru [*****.]
Gold:   1214       SH:  8    Dex:  4    Spells: 13/13 levels left

rFire   + + .      SeeInvis .      - Unarmed
rCold   + + .      Faith    .    A - +2 shield of Resistance {rF++ rC++ Will++}
rNeg    . . .      Spirit   .    M - +1 troll leather armour
rPois   .          Reflect  .    P - +0 hat
rElec   .          Harm     .    F - +2 cloak
rCorr   .          Rampage  +    (gloves unavailable)
Will    +++++      NoTele   +    (boots unavailable)
Stlth   +                        N - amulet of the Furies {Acrobat Rampage Will+++ Str+3 Dex-5}
HPRegen 2.04/turn                c - +5 ring of evasion
MPRegen 0.17/turn                H - +5 ring of evasion

@: mighty, studying Staves
A: large, unfitting armour, claws 3, regeneration 1, shaggy fur 1, tough skin 1
a: Renounce Religion, Heroism, Finesse, Duel


You were in a Gauntlet.
You worshipped Okawaru.
Okawaru was extremely pleased with you.
You visited 3 branches of the dungeon, and saw 19 of its levels.
You also visited: Ossuary, Bailey and Gauntlet.

You collected 2337 gold pieces.
You spent 1123 gold pieces at shops.

Inventory:

Hand Weapons
 Q - the +3 giant club "Skullcrusher" {speed, Str+7}
   (You found it on level 5 of the Lair of Beasts)

   Str:       It affects your strength (+7).
 S - the +7 great mace "Undeadhunter" {deathbane, rN+}
   (Okawaru gifted it to you on level 4 of the Lair of Beasts)

   rN:        It protects you from negative energy.
 U - the +8 frozen axe "Frostbite" {freeze, freezing cloud, *Noise Fly rC+}
   (You found it on level 9 of the Dungeon)

   rC:        It protects you from cold.
   Fly:       It grants you flight.
   *Noise:    It may make noises in combat.
 V - the +3 spear of Famine {vamp, rElec Dex+2}
   (You found it on level 10 of the Dungeon)

   Dex:       It affects your dexterity (+2).
   rElec:     It insulates you from electricity.
Missiles
 f - 2 silver javelins
 h - 7 datura-tipped darts (quivered)
 i - 4 atropa-tipped darts
 t - 79 poisoned darts
 K - 5 javelins
Armour
 A - the +2 shield of Resistance (worn) {rF++ rC++ Will++}
   (You acquired it on level 9 of the Dungeon)

   rF:        It greatly protects you from fire.
   rC:        It greatly protects you from cold.
   Will:      It greatly increases your willpower.
 F - a +2 cloak (worn)
 M - a +1 troll leather armour (worn)
 P - a +0 hat (worn)
Jewellery
 c - a +5 ring of evasion (left claw)
 o - a +6 ring of dexterity
 w - a ring of protection from fire
 H - a +5 ring of evasion (right claw)
 N - the amulet of the Furies (around neck) {Acrobat Rampage Will+++ Str+3 Dex-5}
   (You bought it in a shop on level 10 of the Dungeon)

   [amulet of the acrobat]

   It increases your evasion while moving and waiting.
   Str:       It affects your strength (+3).
   Dex:       It affects your dexterity (-5).
   Rampage:   It bestows one free step when moving towards enemies.
   Will:      It greatly increases your willpower.
 T - a ring of positive energy
 Z - a ring of see invisible
Wands
 k - a wand of polymorph (13)
 p - a wand of quicksilver (16)
 u - a wand of mindburst (16)
 J - a wand of digging (3)
 L - a wand of iceblast (21)
Scrolls
 a - 4 scrolls of enchant armour
 d - 3 scrolls of enchant weapon
 g - 3 scrolls of poison
 n - 5 scrolls of magic mapping
 r - 13 scrolls of teleportation
 y - 3 scrolls of fear
 B - 3 scrolls of vulnerability
 C - 2 scrolls of silence
 E - a scroll of blinking
 G - a scroll of brand weapon
 I - 7 scrolls of fog
 O - a scroll of butterflies {unknown}
 X - a scroll of torment {unknown}
Potions
 b - a potion of berserk rage {unknown}
 e - 3 potions of mutation
 j - 3 potions of haste
 l - 3 potions of cancellation
 m - 2 potions of attraction
 q - 3 potions of ambrosia
 s - 3 potions of lignification
 v - 8 potions of heal wounds
 x - 7 potions of brilliance
 z - 3 potions of curing
 D - a potion of magic {unknown}
 R - a potion of resistance {unknown}
 W - a potion of might
 Y - a potion of flight


   Skills:
 + Level 11.7 Fighting
 - Level 11.0 Throwing
 - Level 5.0 Armour
 + Level 5.2 Dodging
 - Level 2.6 Shields
 + Level 15.4 Unarmed Combat
 - Level 10.0 Invocations


You had 13 spell levels left.
You didn't know any spells.
Your spell library contained the following spells:

 Spells                   Type           Power      Damage    Failure   Level
 Magic Dart               Conj           0%         1d3       83%         1
 Necrotise                Necr           0%         1d4       83%         1
 Shock                    Conj/Air       0%         1d3       83%         1
 Cigotuvi's Dreadful Rot  Necr/Pois/Air  0%         N/A       93%         2
 Poisonous Vapours        Pois/Air       0%         N/A       93%         2
 Searing Ray              Conj           0%         2d4       93%         2
 Sublimation of Blood     Necr           0%         N/A       93%         2
 Mephitic Cloud           Conj/Pois/Air  0%         N/A       99%         3
 Swiftness                Air            0%         N/A       99%         3
 Vampiric Draining        Necr           0%         2d6       99%         3
 Airstrike                Air            0%         2d(0-16)  100%        4
 Anguish                  Hex/Necr       0%         N/A       100%        4
 Fulminant Prism          Conj/Hex       0%         3d5       100%        4
 Passage of Golubria      Tloc           0%         N/A       100%        4
 Petrify                  Tmut/Erth      0%         N/A       100%        4
 Agony                    Necr           0%         N/A       100%        5
 Irradiate                Conj/Tmut      0%         3d11      100%        5
 Silence                  Hex/Air        0%         N/A       100%        5
 Eringya's Noxious Bog    Tmut/Pois      0%         N/A       100%        6
 Enfeeble                 Hex            0%         N/A       100%        7
 Lehudib's Crystal Spear  Conj/Erth      0%         10d2      100%        8
 Summon Forest            Summ/Tloc      Unusable   N/A       N/A         5
 Summon Hydra             Summ           Unusable   N/A       N/A         7

Dungeon Overview and Level Annotations

Branches:
Dungeon (13/15)            Temple (1/1) D:4            Lair (5/5) D:8
 Shoals (0/4) Lair:2        Snake (0/4) Lair:2        Slime (0/5) Lair:4
    Orc (0/2) D:12        Ossuary (visited)          Bailey (visited)
Gauntlet (1/1)
 Vaults: D:13-14

Altars:
Ashenzari
Cheibriados
Dithmenos
Elyvilon
Fedhas
Gozag
Hepliaklqana
Kikubaaqudgha
Makhleb
Nemelex Xobeh
Okawaru
Qazlal
Ru
Sif Muna
Trog
Uskayaw
Vehumet
Wu Jian
Xom
Yredelemnul
Zin
The Shining One

Shops:
D:1 *   D:6 ?   D:7 (   D:10 =   D:12 ((?

Portals:
Hell: Lair:5

Annotations:
Lair:5 exclusion: 2 doors Gauntlet 4 transporters, 1 runed translucent door


Innate Abilities, Weirdness & Mutations

You are too large for most types of armour.
You have claws for hands.
Your natural rate of healing is unusually fast.
You are covered in fur. (AC +1)
You have tough skin. (AC +1)


Message History

Your pack is full.
You see here an amulet of magic regeneration.
Could not pick up an amulet of magic regeneration here; ([A]lways) ignore it?
There is a transporter here.
You see here a +1 battleaxe of flaming.
There is a transporter here.
You enter the transporter and appear at another place.
Okay, then.
You feel very mighty all of a sudden.
You open the door.
A minotaur comes into view.
It is wielding a +0 triple crossbow and wearing the necklace of Bloodlust {Fury *Rage Will++ Int-3 Slay+6}.
Found a phial of floods and the Precepts of Modification.
Okay, then.
You start waiting.
A minotaur is nearby!
The minotaur unwields a +0 triple crossbow.
The minotaur wields a +0 quick blade.
You block the minotaur's attack.
The minotaur goes berserk!
The minotaur completely misses you.
You barely miss the minotaur. The minotaur misses you. The minotaur gores you!!
You eviscerate the minotaur!!!
The minotaur is moderately wounded.
The minotaur barely misses you. The minotaur gores you.
You closely miss the minotaur.
The minotaur is moderately wounded.
The minotaur hits you with a +0 quick blade!!!
You block the minotaur's attack.
The minotaur hits you with a +0 quick blade!!!
* * * LOW HITPOINT WARNING * * *
You block the minotaur's attack.
You feel much better.
The minotaur hits you with a +0 quick blade!
* * * LOW HITPOINT WARNING * * *
The minotaur completely misses you.
You scratch the minotaur.
The minotaur is heavily wounded.
The minotaur hits you with a +0 quick blade!!
* * * LOW HITPOINT WARNING * * *
The minotaur misses you.
The minotaur hits you with a +0 quick blade!!!
You die...

.:# .8# ### .}# ###8.# .8# #....#
..# #.#..# .8# # #.#..##H##..#.
#.....@....... #.#.##.#.##.#.
#.#....# .. ###.#.#######.#.###
##≈...............≈##
#≈≈..8©8©8©8©8©8..≈≈#
##≈...............≈# ### ###
################### ### #
#≈###≈###.................###≈###


You could see a minotaur (berserk).

Vanquished Creatures
  A green death (Gauntlet)
  An entropy weaver (Gauntlet)
  A hell beast (Lair:5)
  The ghost of Zvl3 the Slicer, a journeyman TeAE of Vehumet (Lair:2)
  3 boulder beetles
  6 hydras
  7 death yaks
  Amaemon (Lair:1)
  A fire crab (D:8)
  A lindwurm (Lair:5)
  A wizard (Lair:5)
  3 cyclopes (D:12)
  2 merfolk sirens (Lair:2)
  6 black mambas
  A smoke demon (Lair:5)
  A torpor snail (Lair:4)
  15 cane toads
  4 orange demons
  3 gargoyles (D:12)
  Psyche (D:10)
  9 komodo dragons
  A hellion (Gauntlet)
  4 rime drakes
  3 freezing wraiths (D:9)
  4 ice devils
  2 merfolk (Lair:2)
  2 polar bears
  3 trolls
  A red devil (Lair:5)
  A hornet (D:10)
  12 blink frogs
  7 dream sheep
  5 shadows
  3 basilisks
  2 wraiths (D:11)
  49 yaks
  3 wyverns
  A human (D:9)
  3 hogs (D:9)
  2 redbacks (Gauntlet)
  Grum (D:8)
  Edmund (D:6)
  2 swamp worms (Gauntlet)
  Duvessa (D:6)
  16 water moccasins
  2 acid dragons
  3 hell hounds (Lair:5)
  17 orc warriors
  A sky beast (D:7)
  2 ice beasts (D:7)
  5 black bears
  An ogre (D:5)
  23 wolves
  18 centaurs
  A phantom (D:6)
  6 kobold brigands
  13 bullfrogs
  A necrophage (D:4)
  3 scorpions
  3 gnoll sergeants
  4 wights (D:6)
  Dowan (D:6)
  3 howler monkeys
  3 hounds (D:6)
  6 jellies
  2 orc priests
  A gnoll bouda (D:7)
  4 iguanas
  2 orc wizards
  A mummy (Ossuary)
  Robin (D:3)
  16 gnolls
  8 adders
  5 white imps
  5 ufetubi
  3 worms
  2 dart slugs
  47 orcs
  4 spectral bats (Ossuary)
  2 bats (D:1)
  A bat zombie (D:11)
  13 endoplasms
  A giant cockroach (D:4)
  12 gnoll zombies (Ossuary)
  15 goblins
  9 hobgoblins
  26 kobolds
  4 quokkas
  7 ball pythons
  4 bat simulacra (Ossuary)
  A frilled lizard (D:3)
  5 goblin simulacra (Ossuary)
  6 goblin zombies (Ossuary)
  5 hobgoblin zombies (Ossuary)
  2 kobold simulacra (Ossuary)
  4 kobold zombies (Ossuary)
  3 orc zombies (Ossuary)
  4 rats
  3 rat simulacra (Ossuary)
  4 rat zombies (D:11)
  4 spectral goblins (Ossuary)
  4 spectral kobolds (Ossuary)
  A spectral rat (Ossuary)
555 creatures vanquished.

Vanquished Creatures (collateral kills)
  A water moccasin (Lair:2)
1 creature vanquished.

Vanquished Creatures (others)
  A water moccasin (Lair:2)
  An orc (Bailey)
  8 fungi
  17 plants
27 creatures vanquished.

Grand Total: 583 creatures vanquished

Notes
Turn   | Place    | Note
-------+----------+-------------------------------------------
     0 | D:1      | PyroL the Troll Fighter began the quest for the Orb.
     0 | D:1      | Reached XP level 1. HP: 22/22 MP: 0/0
   127 | D:1      | Reached XP level 2. HP: 29/29 MP: 1/1
   460 | D:1      | Found Gierawni's General Store.
  1012 | D:2      | Reached skill level 3 in Unarmed Combat
  1012 | D:2      | Reached XP level 3. HP: 36/36 MP: 2/2
  1464 | D:3      | Reached XP level 4. HP: 18/45 MP: 3/3
  1515 | D:3      | Reached skill level 4 in Unarmed Combat
  1733 | D:3      | Noticed Robin
  1756 | D:3      | Killed Robin
  1757 | D:3      | Reached XP level 5. HP: 51/53 MP: 4/4
  2138 | D:4      | Found a sand-covered staircase.
  2167 | Ossuary  | Entered an ossuary
  2663 | D:4      | Reached skill level 5 in Unarmed Combat
  2757 | D:4      | Found a staircase to the Ecumenical Temple.
  2767 | Temple   | Entered the Ecumenical Temple
  2966 | Temple   | Became a worshipper of Warmaster Okawaru
  2995 | D:4      | Found a radiant altar of Vehumet.
  3078 | D:4      | Found an ornate altar of the Wu Jian Council.
  3109 | D:4      | Reached XP level 6. HP: 62/62 MP: 5/5
  3363 | D:5      | Entered Level 5 of the Dungeon
  3370 | D:4      | Reached skill level 1 in Invocations
  3783 | D:5      | Reached XP level 7. HP: 37/71 MP: 7/7
  3792 | D:4      | HP: 2/71 [ufetubus (2)]
  3796 | D:4      | Reached * piety under Okawaru
  4062 | D:5      | Reached skill level 5 in Fighting
  4432 | D:4      | Reached skill level 5 in Invocations
  4731 | D:6      | Noticed Duvessa
  4733 | D:6      | Noticed Dowan
  4748 | D:6      | Killed Duvessa
  4749 | D:6      | Reached XP level 8. HP: 72/80 MP: 10/10
  4751 | D:6      | Killed Dowan
  4989 | D:6      | Found Pitrigur's Magic Scroll Shop.
  4997 | D:6      | Bought a scroll of blinking for 90 gold pieces
  5001 | D:6      | Found a burning altar of Makhleb.
  5013 | D:6      | Noticed Edmund
  5029 | D:6      | Killed Edmund
  5030 | D:6      | Reached skill level 6 in Unarmed Combat
  5069 | D:6      | Reached ** piety under Okawaru
  5297 | D:6      | Reached skill level 7 in Unarmed Combat
  5490 | D:6      | Reached skill level 8 in Unarmed Combat
  5737 | D:7      | Found Mikefefe's Weapon Boutique.
  5778 | D:7      | Reached *** piety under Okawaru
  5779 | D:7      | Reached skill level 9 in Unarmed Combat
  5779 | D:7      | Reached XP level 9. HP: 71/88 MP: 11/11
  5857 | D:7      | Found a sparkling altar of Nemelex Xobeh.
  5857 | D:7      | Found a sacrificial altar of Ru.
  5857 | D:7      | Found a hide-covered altar of Uskayaw.
  5857 | D:7      | Found a bloodstained altar of Trog.
  5864 | D:7      | Found a broken altar of Ashenzari.
  5869 | D:7      | Found a basalt altar of Yredelemnul.
  6055 | D:7      | Found a shimmering altar of Xom.
  6084 | D:7      | Found a stormy altar of Qazlal.
  6183 | D:7      | Identified the +8 spear "Buuwuin" {protect, rC- Dex+4}
  6322 | D:7      | Reached skill level 10 in Unarmed Combat
  6436 | D:7      | Noticed a troll
  6442 | D:7      | Killed a troll
  6971 | D:8      | Found a flagged portal.
  6980 | Bailey   | Entered a bailey
  7278 | Bailey   | Reached **** piety under Okawaru
  7445 | Bailey   | Reached XP level 10. HP: 80/96 MP: 14/14
  7449 | Bailey   | Reached skill level 5 in Dodging
  8174 | D:8      | Reached ***** piety under Okawaru
  8204 | D:8      | Found a staircase to the Lair.
  8204 | D:8      | Noticed a fire crab
  8528 | D:8      | Killed a fire crab
  8592 | D:8      | Reached skill level 11 in Unarmed Combat
  8926 | D:8      | Noticed Grum
  8931 | D:8      | Killed Grum
  9108 | D:9      | Reached skill level 1 in Armour
  9117 | D:9      | Reached XP level 11. HP: 99/111 MP: 16/16
  9161 | D:9      | Found the +8 frozen axe "Frostbite" {freeze, freezing
                  | cloud, *Noise Fly rC+}
  9223 | D:9      | Identified the +6 rapier "Ihuoza" {chaos, Drain rPois rF-
                  | Dex+8} (Okawaru gifted it to you on level 9 of the Dungeon)
  9223 | D:9      | Received a gift from Okawaru
  9781 | D:9      | Reached skill level 12 in Unarmed Combat
  9896 | D:9      | Identified a scroll of acquirement
  9896 | D:9      | Acquired the +2 shield of Resistance {rF++ rC++ Will++}
  9896 | D:9      | Found the +2 shield of Resistance {rF++ rC++ Will++}
  9916 | D:10     | Entered Level 10 of the Dungeon
 10018 | D:10     | You fall into a shaft and drop 2 floors!
 10031 | D:12     | Noticed a boulder beetle
 10036 | D:12     | Found Ycenly's Magic Scroll Boutique.
 10065 | D:12     | Killed a boulder beetle
 10066 | D:12     | Reached skill level 10 in Fighting
 10200 | D:12     | Reached ****** piety under Okawaru
 10328 | D:12     | Received a gift from Okawaru
 10329 | D:12     | Reached skill level 5 in Armour
 10382 | D:11     | Noticed a boulder beetle
 10436 | D:10     | Found Xoxtytio's Jewellery Shoppe.
 10687 | D:10     | Received a gift from Okawaru
 10746 | D:10     | Identified the +3 spear of Famine {vamp, rElec Dex+2}
 10975 | D:11     | Noticed Psyche
 10975 | D:11     | Noticed a boulder beetle
 11086 | D:10     | Killed Psyche
 11093 | D:10     | Killed a boulder beetle
 11473 | D:11     | Found an ancient bone altar of Kikubaaqudgha.
 11618 | D:11     | Reached XP level 12. HP: 126/126 MP: 17/17
 11655 | D:11     | Killed a boulder beetle
 11753 | D:11     | Identified the +8 war axe of Wihoaqa {freeze, rPois rF+
                  | Str+3 Int-5}
 12226 | Lair:1   | Entered Level 1 of the Lair of Beasts
 12366 | Lair:1   | Received a gift from Okawaru
 12392 | Lair:1   | Reached skill level 1 in Throwing
 12663 | Lair:1   | Noticed Amaemon
 12684 | Lair:1   | Killed Amaemon
 13473 | D:12     | Found a staircase to the Orcish Mines.
 13517 | D:12     | Reached skill level 10 in Invocations
 13672 | D:12     | Reached skill level 5 in Throwing
 13769 | D:12     | Found Atunases's Antique Weapon Shop.
 13822 | D:12     | Found Nieps's Weapon Emporium.
 14344 | Lair:2   | Noticed a five-headed hydra
 14363 | Lair:1   | Killed a five-headed hydra
 14523 | Lair:2   | Noticed a death yak
 14523 | Lair:2   | Noticed a death yak
 14538 | Lair:2   | Noticed a death yak
 14556 | Lair:1   | Killed a death yak
 14557 | Lair:1   | Reached skill level 13 in Unarmed Combat
 14561 | Lair:1   | Killed a death yak
 14567 | Lair:2   | Killed a death yak
 14625 | Lair:1   | Received a gift from Okawaru
 14757 | Lair:2   | Reached XP level 13. HP: 127/133 MP: 19/19
 14844 | Lair:2   | Found a staircase to the Snake Pit.
 14884 | Lair:2   | Found a staircase to the Shoals.
 15116 | Lair:2   | Found a large runed translucent door.
 15116 | Lair:2   | Found a large runed translucent door.
 15173 | Lair:2   | Received a gift from Okawaru
 15353 | Lair:2   | Noticed Zvl3's ghost (journeyman TeAE)
 15491 | Lair:2   | Killed Zvl3's ghost
 15492 | Lair:2   | Reached skill level 14 in Unarmed Combat
 15668 | D:10     | Bought the amulet of the Furies {Acrobat Rampage Will+++
                  | Str+3 Dex-5} for 1033 gold pieces
 17488 | Lair:4   | Acquired 894 gold pieces
 17578 | Lair:4   | Found a glowing silver altar of Zin.
 17687 | Lair:4   | Found a staircase to the Slime Pits.
 17736 | Lair:4   | Received a gift from Okawaru
 17736 | Lair:4   | Found the +7 great mace "Undeadhunter" {deathbane, rN+}
 17985 | Lair:5   | Entered Level 5 of the Lair of Beasts
 18181 | Lair:5   | Reached skill level 15 in Unarmed Combat
 18352 | Lair:5   | Reached skill level 10 in Throwing
 18390 | Lair:5   | Found a burning altar of Makhleb.
 18479 | Lair:5   | Found the +3 giant club "Skullcrusher" {speed, Str+7}
 18487 | Lair:5   | Reached XP level 14. HP: 143/143 MP: 20/20
 18752 | Lair:5   | Received a gift from Okawaru
 19135 | Lair:5   | Received a gift from Okawaru
 19151 | Lair:5   | Found a gateway to Hell.
 19721 | D:13     | Found a gate leading to a gauntlet.
 19732 | Gauntlet | Entered a Gauntlet
 19732 | Gauntlet | Found a transporter.
 19732 | Gauntlet | Found a runed translucent door.
 19733 | Gauntlet | Found a runed translucent door.
 19737 | Gauntlet | Found a transporter.
 19741 | Gauntlet | Found a transporter.
 19749 | Gauntlet | Found a transporter.
 19753 | Gauntlet | Found a transporter.
 19761 | Gauntlet | Found a transporter.
 19765 | Gauntlet | Found a transporter.
 19777 | Gauntlet | Found a transporter.
 19778 | Gauntlet | Found a transporter.
 19785 | Gauntlet | Found a transporter.
 19806 | Gauntlet | Found a transporter.
 19818 | Gauntlet | Found a transporter.
 19830 | Gauntlet | Found a transporter.
 19842 | Gauntlet | Found a transporter.
 20010 | Gauntlet | Identified the +1 pair of gloves "Tuloolel" {Harm Str+3
                  | Stlth+}
 20388 | Gauntlet | Demolished by a minotaur

Illustrated notes

Levels and vault maps discovered:
D:1:      mrwooster_arrival_statue_3, layout_loops_cross, serial_shops, shop,
          minmay_3d_cube
D:2:      layout_loops_ring, serial_forest, infiniplex_forest_clump_double,
          infiniplex_forest_end_1, infiniplex_forest_clump_small,
          infiniplex_forest_join, infiniplex_forest_clump_diagonal,
          infiniplex_forest_lined_room_2, infiniplex_forest_clump_large
D:3:      layout_basic, uniq_robin
D:4:      layout_rooms, nicolae_overflow_hidden_temple,
          nicolae_overflow_crystal_walls, minmay_temple_entry_mist,
          nicolae_ossuary_entry_false_entrances, corexii_hall_statues_deadend
D:5:      layout_rooms, grunt_ministairs_6, hangedman_abyss_or_decor_lesser_grid
D:6:      layout_gridville, mainiacjoe_overflow_small_starburst, serial_shops,
          shop, uniq_duvessa, uniq_edmund
D:7:      layout_loops_corners, kennysheep_mini_moat,
          minmay_overflow_temple_hex, kennysheep_little_box, serial_shops, shop
D:8:      layout_basic, minmay_lair_entry_lava, enter_bailey_2, uniq_grum
D:9:      layout_irregular_city, eino_small_chamber_without_monster,
          abandoned_shop, grunt_livestock, hellmonk_guarded_unrand_frostbite
D:10:     layout_roguey, serial_shops, shop, kennysheep_doodads
D:11:     layout_stronghold, lemuel_zombie_altar_kikubaaqudgha, uniq_psyche
D:12:     layout_grid_maze, david_orc_2, serial_shops, shop, shop_scrolls, shop,
          chequers_serial_rivers_large_a
D:13:     layout_big_octagon, david_vaults_1, gauntlet_entry_generic,
          amcnicky_mini_pool_medium
Temple:   bh_familiar_temple
Lair:1:   layout_roguey, uniq_amaemon
Lair:2:   layout_misc_corridors, elwin_shoals_entry_stream,
          minmay_snake_entry_six_corridors, ebering_ghost_disaster_area,
          small_statue_intersection
Lair:3:   layout_layer_cave
Lair:4:   layout_gridlike, nicolae_slime_entry_slimehenge, basic_altar,
          grunt_megastairs_1
Lair:5:   evil_forest, layout_hall_layers
Gauntlet: gammafunk_gauntlet_77_escape_option
          [minmay_gauntlet_arena_77_shame_cube,
          minmay_gauntlet_arena_77_squiggly, minmay_gauntlet_arena_77_mess,
          minmay_gauntlet_arena_77_block_sizes, minmay_gauntlet_arena_77_braids,
          nicolae_gauntlet_exit_dead_adventurers]

Skill      XL: |  1  2  3  4  5  6  7  8  9 10 11 12 13 14 |
---------------+-------------------------------------------+-----
Unarmed Combat | 3 4 5 9 10 11 12 13 15 | 15.4
Fighting       | 3 4 5 8 10 11 | 11.7
Invocations    | 2 5 7 8 10 | 10.0
Dodging        | 4 5 |  5.2
Armour         | 1 5 |  5.0
Throwing       | 7 10 11 | 11.0
Shields        | |  2.6

Action                     |  1- 3 |  4- 6 |  7- 9 | 10-12 | 13-15 || total
---------------------------+-------+-------+-------+-------+-------++-------
  Melee: Unarmed           |    92 |   230 |   312 |   624 |   504 ||  1762
         Spear             |       |       |    41 |    11 |    86 ||   138
  Throw: Dart              |       |       |       |     5 |     5 ||    10
         Javelin           |       |       |       |     2 |     1 ||     3
 Invoke: Heroism           |       |       |       |     1 |     4 ||     5
         Finesse           |       |       |       |       |     4 ||     4
  Evoke: Wand              |       |       |       |     1 |       ||     1
    Use: Scroll            |       |     8 |     5 |     5 |     9 ||    27
         Potion            |       |       |     4 |     2 |     3 ||     9
   Stab: Sleeping          |     1 |     6 |       |       |       ||     7
 Armour: Robe              |    19 |    50 |    45 |       |       ||   114
         Troll leather arm |       |       |    28 |   108 |   131 ||   267
  Dodge: Dodged            |    39 |    74 |   262 |   539 |   544 ||  1458
  Block: Kite shield       |    35 |    88 |   161 |   369 |   349 ||  1002

Table legend: (Time is in decaauts)
 A = Elapsed time spent in this place.
 B = Non-inter-level travel time spent in this place.
 C = Inter-level travel time spent in this place.
 D = Time resting spent in this place.
 E = Time spent auto-exploring this place.
 F = Levels seen in this place.
 G = Mean time per level.
                   A        B        C        D        E       F      G
               +--------+--------+--------+--------+--------+-----+--------+
         Total |  20286 |  18354 |   1932 |   2990 |  10673 |  22 |  922.1 |
       Dungeon |  12467 |  10907 |   1560 |   1732 |   6741 |  13 |  959.0 |
        Temple |    214 |    175 |     39 |      0 |    164 |   1 |  214.0 |
          Lair |   5668 |   5335 |    333 |    576 |   3449 |   5 | 1133.6 |
       Ossuary |    494 |    494 |      0 |    143 |    137 |   1 |  494.0 |
        Bailey |    790 |    790 |      0 |    138 |    108 |   1 |  790.0 |
      Gauntlet |    650 |    650 |      0 |    401 |     74 |   1 |  650.0 |
               +--------+--------+--------+--------+--------+-----+--------+

Top non-repeatable levels by time:
     D:8: 1469 daAuts
  Lair:3: 1315 daAuts
     D:4: 1303 daAuts
     D:7: 1281 daAuts
  Lair:5: 1263 daAuts
    D:10: 1237 daAuts
    D:12: 1226 daAuts
  Lair:1: 1101 daAuts
     D:6: 1076 daAuts
     D:9: 1046 daAuts
  Lair:4: 1041 daAuts
  Lair:2: 946 daAuts
    D:11: 940 daAuts
     D:2: 820 daAuts
  Bailey: 790 daAuts
